 Dungeon Crawl Stone Soup version 0.22-a0-877-g5c4e1afb51 (webtiles) character file.

9782 Htamos the Covert (level 11, -7/89 HPs)
             Began as a Formicid Wanderer on July 29, 2018.
             Was a High Priest of Okawaru.
             Splashed by a brown ugly thing's acid (8 damage)
             ... on level 11 of the Dungeon.
             The game lasted 00:23:13 (15883 turns).

Htamos the Covert (Formicid Wanderer)              Turns: 15883, Time: 00:23:13

Health: -7/89      AC:  8    Str: 22    XL:     11   Next: 80%
Magic:  12/12      EV:  7    Int: 12    God:    Okawaru [*****.]
Gold:   649        SH:  2    Dex: 11    Spells: 11/12 levels left

rFire    . . .     SeeInvis +   b - +3 scythe (distort)
rCold    . . .     Gourm    .   (no shield)
rNeg     . . .     Faith    .   r - +1 plate armour
rPois    .         Spirit   .   (helmet unavailable)
rElec    .         Reflect  +   u - +0 cloak
rCorr    .         Harm     .   (no gloves)
MR       +....                  (no boots)
Stlth    ..........             l - +2 amulet of reflection
HPRegen  0.24/turn              C - +3 ring of strength
MPRegen  0.13/turn              F - ring of flight

@: corroded
A: permanent stasis, dig shafts and tunnels, four strong arms, antennae 3
a: Dig, Shaft Self, Heroism, Finesse, Renounce Religion, Evoke Flight


You were on level 11 of the Dungeon.
You worshipped Okawaru.
Okawaru was extremely pleased with you.
You were not hungry.

You visited 1 branch of the dungeon, and saw 12 of its levels.

You collected 649 gold pieces.

Inventory:

Hand Weapons
 a - a +2 falchion
 b - a +3 scythe of distortion (weapon)
 d - a +0 dagger
 p - a +1 dagger of venom
 t - a +2 quarterstaff of chaos
 v - the cursed +1 falchion of Valiance {speed, rF+ Dex+3}
   (You found it on level 5 of the Dungeon)

   Attacks with this weapon are significantly faster.
   It affects your dexterity (+3).
   It protects you from fire.
   It has a curse placed upon it.
Armour
 c - a +0 robe
 e - a +0 leather armour
 q - a +3 ring mail
 r - a +1 plate armour (worn)
 u - a +0 cloak (worn)
Jewellery
 l - a +2 amulet of reflection (around neck)
 y - an uncursed amulet of magic regeneration
 C - a +3 ring of strength (left hand)
 E - an uncursed ring of fire
 F - a ring of flight (right hand)
Wands
 x - a wand of paralysis (5)
 D - a wand of random effects (29)
 H - a wand of disintegration (16)
Scrolls
 g - 10 scrolls of identify
 i - 11 scrolls of remove curse
 w - 3 scrolls of fog
 B - 2 scrolls of magic mapping
Potions
 h - a potion of might {unknown}
 j - 3 potions of curing
 k - 2 potions of heal wounds {unknown}
 m - 2 potions of flight
 n - a potion of lignification {unknown}
 o - a potion of ambrosia
 s - 3 potions of brilliance {unknown}
 z - 2 potions of cancellation
 A - a potion of degeneration {unknown}
 I - a potion of agility {unknown}
Miscellaneous
 G - a lamp of fire (inert)
Comestibles
 f - 16 rations
 J - 3 chunks of flesh


   Skills:
 + Level 9.1 Fighting
 - Level 3.0 Long Blades
 + Level 7.2 Polearms
 + Level 8.9 Armour
 - Level 1.0 Dodging
 + Level 10.9 Stealth
 - Level 1.1 Spellcasting
 + Level 7.4 Necromancy
   Level 2.4 Earth Magic
 - Level 1.1 Evocations


You had 11 spell levels left.
You knew the following spells:

 Your Spells              Type           Power        Failure   Level  Hunger
a - Pain                  Necr           ###.         21%         1    ##.....

Your spell library contained the following spells:

 Spells                   Type           Power        Failure   Level  Hunger
 Cause Fear               Hex            #.........   100%        4    #####..
 Magic Dart               Conj           #...         99%         1    ##.....
 Fireball                 Conj/Fire      #.........   100%        5    ######.
 Conjure Flame            Conj/Fire      #.......     100%        3    ####...
 Bolt of Fire             Conj/Fire      #.........   100%        6    #######
 Confuse                  Hex            #.......     100%        3    ####...
 Throw Flame              Conj/Fire      #.....       100%        2    ###....
 Throw Frost              Conj/Ice       #.....       100%        2    ###....
 Summon Small Mammal      Summ           #...         99%         1    ##.....
 Iskenderun's Mystic Bla  Conj           #.......     100%        4    #####..
 Animate Dead             Necr           N/A          90%         4    #####..
 Animate Skeleton         Necr           N/A          21%         1    ##.....
 Vampiric Draining        Necr           ###.......   52%         3    ####...
 Freeze                   Ice            #...         99%         1    ##.....
 Sticky Flame             Conj/Fire      #.......     100%        4    #####..
 Summon Ice Beast         Ice/Summ       #.......     100%        4    #####..
 Ozocubu's Armour         Chrm/Ice       #.......     100%        3    ####...
 Call Imp                 Summ           #.......     100%        2    ###....
 Regeneration             Chrm/Necr      #.........   96%         3    ####...
 Tukima's Dance           Hex            #.......     100%        3    ####...
 Dragon Form              Tmut           #.........   100%        7    #######
 Throw Icicle             Conj/Ice       #.......     100%        4    #####..
 Flame Tongue             Conj/Fire      #....        99%         1    ##.....
 Call Canine Familiar     Summ           #.......     100%        3    ####...
 Ensorcelled Hibernation  Hex/Ice        #.....       100%        2    ###....
 Corona                   Hex            #......      99%         1    ##.....
 Inner Flame              Hex/Fire       #.......     100%        3    ####...
 Fulminant Prism          Conj/Hex       #.........   100%        4    #####..
 Dazzling Spray           Conj/Hex       #.....       100%        3    ####...
 Force Lance              Conj/Tloc      #.......     100%        4    #####..
 Searing Ray              Conj           #.....       100%        2    ###....
 Summon Lightning Spire   Summ/Air       #.......     100%        4    #####..
 Summon Guardian Golem    Hex/Summ       #.......     100%        3    ####...
 Dragon's Call            Summ           #.........   100%        9    #######


Dungeon Overview and Level Annotations

Branches:
Dungeon (12/15)            Temple (0/1) D:5            Lair (0/6) D:9
    Orc (0/2) D:11

Altars:
Ashenzari
Cheibriados
Elyvilon
Hepliaklqana
Kikubaaqudgha
Nemelex Xobeh
Okawaru
Sif Muna
Trog
Vehumet
Xom
Yredelemnul
The Shining One

Shops:
D:7 %

Annotations:
Abyss:1 Harold


Innate Abilities, Weirdness & Mutations

You cannot be hasted, slowed, berserked, paralysed or teleported.
You can dig through walls and to a lower floor.
Your four strong arms can wield two-handed weapons with a shield.
You have a pair of large antennae on your head. (SInv)


Message History

You are splashed with acid!
The acid burns!
* * * LOW HITPOINT WARNING * * *
Your plate armour prevents you from hitting the brown ugly thing.
The brown ugly thing is severely wounded.
You block the brown ugly thing's attack.
The brown ugly thing stings you.
* * * LOW HITPOINT WARNING * * *
The acid corrodes you!
You are splashed with acid!
The acid burns!
* * * LOW HITPOINT WARNING * * *
You hit the brown ugly thing.
Space bends around the brown ugly thing.
The brown ugly thing is severely wounded.
The brown ugly thing stings you.
* * * LOW HITPOINT WARNING * * *
The acid corrodes you!
You are splashed with acid!
The acid burns!
* * * LOW HITPOINT WARNING * * *
You feel better. The brown ugly thing stings you!
* * * LOW HITPOINT WARNING * * *
You are splashed with acid!
The acid burns!
You die...

#.# #.# #.# #)#
#.# #[# ##'###
####'##
#....#####
#.....#
#....'...#
#.....#
#####....###(###
#.....#
?<..'....#
#...###.....#
#####....#
###..@uT....#
#....#
#####.<...#
##'### #.>...#
#..# ####'##
##.# #.# #.# #.#
#.# ######'###
#.# #........#
#####'#####
#........#


You could see a brown ugly thing and a troll.

Vanquished Creatures
  Pikel (D:7)
  2 ugly things
  2 trolls (D:11)
  A merfolk (D:10)
  A hornet (D:7)
  A hippogriff (D:11)
  Sigmund (D:3)
  A vampire (D:11)
  4 yaks (D:9)
  A basilisk (D:9)
  2 wyverns
  2 hungry ghosts
  2 wargs
  4 orc warriors
  A sky beast (D:9)
  2 black bears
  3 ice beasts
  3 phantoms
  A slave (D:7)
  2 ogres
  7 centaurs
  A crocodile (D:10)
  2 bullfrogs (D:8)
  Blork the orc (D:5)
  4 scorpions
  10 killer bees
  4 howler monkeys
  5 crimson imps
  2 bullfrog zombies
  A centaur zombie (D:11)
  A hound (D:4)
  9 jellies
  3 quasits
  A centaur skeleton (D:8)
  An orc priest (D:11)
  11 orc wizards
  Crazy Yiuf (D:4)
  3 bullfrog skeletons
  3 iguanas
  Natasha (thrice) (D:2)
  5 worker ants
  2 hound zombies
  2 worker ant zombies
  4 gnolls (D:9)
  6 adders
  4 shadow imps
  2 oozes
  An adder skeleton (D:8)
  4 adder zombies
  A worm (D:2)
  4 dart slugs
  2 leopard geckos
  36 orcs
  4 ball pythons
  8 bats
  4 giant cockroaches
  12 goblins
  8 hobgoblins
  4 kobolds
  5 quokkas
  3 frilled lizards
  A quokka skeleton (D:4)
  A quokka zombie (D:6)
  10 rats
243 creatures vanquished.

Vanquished Creatures (others)
  A spriggan (D:10)
  A wyvern (D:10)
  A steam dragon (D:8)
  A warg (D:8)
  3 slaves (D:7)
  2 orc warriors
  An ice beast (D:7)
  An ogre (D:6)
  A centaur (D:7)
  A scorpion (D:6)
  A killer bee (D:10)
  A crimson imp (D:9)
  A hound (D:9)
  An orc priest (D:9)
  An orc wizard (D:7)
  An iguana (D:8)
  A hound skeleton (D:8)
  An adder skeleton (D:8)
  2 orcs
  A quokka (D:7)
24 creatures vanquished.

Grand Total: 267 creatures vanquished

Notes
Turn   | Place    | Note
-------+----------+-------------------------------------------
     0 | D:1      | Htamos the Formicid Wanderer began the quest for the Orb.
     0 | D:1      | Htamos set off with: a +2 falchion, 2 potions of curing, a +0 robe, a +0 dagger, a ration
     0 | D:1      | Reached XP level 1. HP: 15/15 MP: 2/2
    60 | D:1      | Reached XP level 2. HP: 14/21 MP: 3/3
   379 | D:1      | Reached skill level 1 in Armour
   417 | D:1      | Reached skill level 3 in Stealth
   417 | D:1      | Reached XP level 3. HP: 18/27 MP: 4/4
  1639 | D:2      | Reached XP level 4. HP: 30/34 MP: 5/5
  1795 | D:2      | Noticed Natasha
  1803 | D:2      | Killed Natasha
  1803 | D:2      | Reached XP level 5. HP: 39/39 MP: 6/6
  1955 | D:2      | Found an iron altar of Okawaru.
  1963 | D:2      | Became a worshipper of Warmaster Okawaru
  2365 | D:2      | Noticed Natasha
  2376 | D:2      | Killed Natasha
  2376 | D:2      | Reached skill level 4 in Stealth
  2573 | D:2      | Noticed Natasha
  2579 | D:2      | Killed Natasha
  2831 | D:3      | Noticed Sigmund
  3123 | D:3      | Killed Sigmund
  3123 | D:3      | Reached * piety under Okawaru
  3123 | D:3      | Reached skill level 5 in Stealth
  3123 | D:3      | Reached XP level 6. HP: 34/48 MP: 7/7
  3517 | D:3      | Found an ancient bone altar of Kikubaaqudgha.
  3517 | D:3      | Found a deep blue altar of Sif Muna.
  3519 | D:3      | Found a radiant altar of Vehumet.
  3521 | D:3      | Identified Kikubaaqudgha's Collected Works on Black Rituals
  3525 | D:3      | Learned a level 1 spell: Pain
  3657 | D:3      | Reached XP level 7. HP: 17/53 MP: 8/8
  4296 | D:4      | Reached skill level 1 in Necromancy
  5079 | D:4      | Found a bloodstained altar of Trog.
  5081 | D:4      | Found a sparkling altar of Nemelex Xobeh.
  5201 | D:4      | Found a runed door.
  5360 | D:4      | Noticed Crazy Yiuf
  5367 | D:4      | Killed Crazy Yiuf
  5665 | D:5      | Entered Level 5 of the Dungeon
  5672 | D:5      | Got a slimy falchion
  5673 | D:5      | Identified the cursed +1 falchion of Valiance {speed, rF+ Dex+3} (You found it on level 5 of the Dungeon)
  5686 | D:5      | Noticed Blork the orc
  5690 | D:5      | Reached skill level 1 in Polearms
  5708 | D:5      | Killed Blork the orc
  5708 | D:5      | Reached XP level 8. HP: 58/61 MP: 9/9
  5779 | D:5      | Found a staircase to the Ecumenical Temple.
  5881 | D:5      | Reached skill level 6 in Stealth
  5900 | D:5      | Reached ** piety under Okawaru
  6092 | D:5      | Reached skill level 5 in Fighting
  6259 | D:5      | Found a white marble altar of Elyvilon.
  6434 | D:5      | Found a basalt altar of Yredelemnul.
  6434 | D:5      | Found a shattered altar of Ashenzari.
  6439 | D:5      | Found a faded altar of an unknown god.
  6441 | D:5      | Found a snail-covered altar of Cheibriados.
  6443 | D:5      | Found a faded altar of an unknown god.
  6624 | D:6      | Reached skill level 5 in Armour
  6885 | D:6      | Found a hazy altar of Hepliaklqana.
  6887 | D:6      | Found a glowing golden altar of the Shining One.
  7667 | D:7      | Reached skill level 7 in Stealth
  7684 | D:7      | Reached XP level 9. HP: 68/68 MP: 10/10
  7704 | D:7      | Found Reonuid's Food Shoppe.
  7705 | D:7      | Noticed Pikel
  7714 | D:7      | Killed Pikel
  7714 | D:7      | Reached *** piety under Okawaru
  8055 | D:7      | Noticed a hornet
  8386 | D:7      | Found a shimmering altar of Xom.
  8521 | D:7      | Noticed Harold
  8541 | D:7      | Killed a hornet
  8541 | D:7      | Reached skill level 8 in Stealth
  8565 | D:7      | Banished Harold
  8565 | D:7      | Reached XP level 10. HP: 21/77 MP: 11/11
  9063 | D:8      | Reached skill level 5 in Necromancy
  9139 | D:8      | Reached **** piety under Okawaru
  9185 | D:8      | Reached skill level 5 in Polearms
  9217 | D:8      | Reached skill level 9 in Stealth
 10327 | D:9      | Noticed a purple ugly thing
 10340 | D:9      | Killed a purple ugly thing
 10699 | D:9      | Found a staircase to the Lair.
 10977 | D:8      | Reached XP level 11. HP: 56/86 MP: 12/12
 11556 | D:9      | Reached skill level 10 in Stealth
 11990 | D:10     | Entered Level 10 of the Dungeon
 13205 | D:10     | Reached ***** piety under Okawaru
 14444 | D:11     | Noticed a purple ugly thing
 14453 | D:11     | Killed a purple ugly thing
 14899 | D:11     | Found a staircase to the Orcish Mines.
 15471 | D:11     | Received a gift from Okawaru
 15838 | D:12     | Noticed a brown ugly thing
 15882 | D:11     | HP: 3/89 [acid (8)]
 15883 | D:11     | HP: 1/89 [brown ugly thing (13)]
 15883 | D:11     | Splashed by a brown ugly thing's acid

Vault maps used:
D:1:      lemuel_arrival_rhombus, chequers_big_river, minmay_tromino_mix6
D:2:      okawaru_gym_becter, uniq_natasha
D:3:      grunt_temple_overflow_magic_moments, first_ration, uniq_sigmund
D:4:      nicolae_overflow_hidden_temple, uniq_crazy_yiuf_cottage
D:5:      chequers_temple_overflow_minitemple, lemuel_crystal_altar,
          minmay_temple_entry_nine_rooms, grunt_ministairs_9, uniq_blork_the_orc
D:6:      minitemple
D:7:      xom_butterflies, serial_shops, nicolae_shop_waterfront,
          kennysheep_generic_room_5, uniq_harold, uniq_pikel
D:9:      erik_lair_orcish_takeover
D:10:     hangedman_stone_soup, solitary_fountain, minmay_variable_closet
D:11:     orc_0_dummy, kennysheep_flooded_box
D:12:     lab_entry_generic, nrook_mini_vaults

Skill      XL: |  1  2  3  4  5  6  7  8  9 10 11 |
---------------+----------------------------------+-----
Armour         | 1 2 3 4 5 6 7 8 |  8.9
Stealth        | 3 5 7 8 9 10 | 10.9
Fighting       | 2 3 4 5 6 8 9 |  9.1
Long Blades    | 3 |  3.0
Necromancy     | 2 3 4 6 7 |  7.4
Polearms       | 1 3 4 6 7 |  7.2
Dodging        | |  1.0
Spellcasting   | |  1.1
Earth Magic    | |  2.4
Evocations     | |  1.1

Action                   |  1- 3 |  4- 6 |  7- 9 | 10-12 || total
-------------------------+-------+-------+-------+-------++-------
Melee: Falchion          |    81 |    46 |       |       ||   127
       Dagger            |       |    61 |    37 |       ||    98
       Scythe            |       |       |   179 |   513 ||   692
 Abil: Dig               |       |       |       |     7 ||     7
Evoke: Wand              |       |       |     1 |    10 ||    11
       Lamp of fire      |       |       |       |     1 ||     1
  Use: Scroll            |       |     5 |     4 |     5 ||    14
       Potion            |       |     5 |       |     5 ||    10
 Stab: Sleeping          |     2 |     8 |     2 |       ||    12
       Distracted        |     1 |       |       |     1 ||     2
       Paralysed         |       |       |     3 |     6 ||     9
  Eat: Chunk             |     2 |     7 |     7 |    15 ||    31
       Ration            |       |       |     2 |     6 ||     8
Armor: Leather armour    |    30 |    18 |     2 |       ||    50
       Plate armour      |       |       |   137 |   442 ||   579
       Ring mail         |       |       |    12 |       ||    12
Dodge: Dodged            |    47 |    67 |    80 |   247 ||   441
Block: Other             |       |       |    18 |    45 ||    63
       Reflection        |       |       |       |     3 ||     3
       Rpst.: Falchion   |    18 |    14 |       |       ||    32

Table legend:
 A = Spawn XP
 B = Non-spawn XP
 C = Spawn XP percentage of total XP
 D = Spawn monster count
 E = Non-spawn monster count
 F = Spawn count percentage of total count
 G = Total turns spent on level
                    A         B        C        D         E        F      G
               +---------+---------+-------+---------+---------+-------+---------
         Total |       0 |   13975 |   0.0 |       0 |     258 |   0.0 | 15883
               +---------+---------+-------+---------+---------+-------+---------
           D:1 |       0 |      59 |   0.0 |       0 |      29 |   0.0 |  1531
           D:2 |       0 |     190 |   0.0 |       0 |      21 |   0.0 |  1441
           D:3 |       0 |     327 |   0.0 |       0 |      18 |   0.0 |  1318
           D:4 |       0 |     304 |   0.0 |       0 |      11 |   0.0 |  1375
           D:5 |       0 |     554 |   0.0 |       0 |       9 |   0.0 |   863
           D:6 |       0 |     485 |   0.0 |       0 |      12 |   0.0 |  1118
           D:7 |       0 |    2044 |   0.0 |       0 |      19 |   0.0 |  1374
           D:8 |       0 |    1513 |   0.0 |       0 |      30 |   0.0 |  1325
           D:9 |       0 |    3528 |   0.0 |       0 |      47 |   0.0 |  1645
          D:10 |       0 |    1517 |   0.0 |       0 |      21 |   0.0 |  2238
          D:11 |       0 |    3454 |   0.0 |       0 |      41 |   0.0 |  1643
               +---------+---------+-------+---------+---------+-------+---------
